AoeStats
← DS_Kvothe

Arabian Desert

509470036Analyzed
1v1 RM · 6d ago on Sep 26, 2026· 20m 10s· 2 players
Game mode
Random Map
Map size
Tiny (2 player)
Population
200
Speed
Normal
Resources
Standard
Victory
Conquest
Starting age
Dark Age
Ending age
Imperial Age
RankedLock teamsTeams togetherTeam positionsShared explorationLock speedFull tech treeHidden civsTurbo modeCheats
Victory
Defeat
🇦🇷 Spanish · Argentina
1914
+14
🇩🇰 Berbers · Denmark
1880
-14
Young Carter
7:05 Loom
9:01 Feudal Age
9:54 Double-Bit Axe
9:52 Horse Collar
16:12 Fletching
16:38 Padded Archer Armor
DS_Kvothe
6:43 Loom
8:54 Feudal Age
9:51 Double-Bit Axe
11:52 Horse Collar
18:00 Fletching
Connection lost

Rejoining the realm…

Still unreachable

The connection could not be restored.

Session expired

The server has moved on; the page needs a fresh start.